 Dungeon Crawl Stone Soup version 0.20-a0-848-g73d9be0 (webtiles) character file.

4375 Alarkh the Carver (level 10, 29/77 HPs)
             Began as a Demonspawn Fighter on Mar 9, 2017.
             Was a Priest of Okawaru.
             Quit the game on level 9 of the Dungeon.
             The game lasted 00:12:02 (9138 turns).

Alarkh the Carver (Demonspawn Fighter)              Turns: 9138, Time: 00:12:03

Health: 29/77      AC:  5    Str: 17    XL:     10   Next: 13%
Magic:  10/10      EV: 14    Int: 13    God:    Okawaru [***...]
Gold:   241        SH: 10    Dex: 12    Spells: 9/9 levels left

rFire    . . .     SeeInvis .   a - +2 long sword (venom)
rCold    . . .     Gourm    .   w - +2 robe {MR+}
rNeg     + . .     Faith    .   c - +0 shield
rPois    .         Spirit   .   (helmet unavailable)
rElec    .         Reflect  .   I - +0 cloak
rCorr    .         Harm     .   (no gloves)
MR       +....                  (no boots)
Stlth    +.........             p - amulet of regeneration
Regen    0.7/turn               B - ring of positive energy
MPRegen  0.2/turn               j - +2 ring of evasion

@: no status effects
A: horns 3, powered by pain 1, rot immunity
a: Heroism, Renounce Religion


You were on level 9 of the Dungeon.
You worshipped Okawaru.
Okawaru was most pleased with you.
You were very hungry.

You visited 2 branches of the dungeon, and saw 10 of its levels.
You also visited: Sewer.

You collected 377 gold pieces.
You spent 136 gold pieces at shops.

Inventory:

Hand Weapons
 a - a +2 long sword of venom (weapon)
 u - a +4 long sword
 H - a +0 vampiric long sword
Armour
 b - a +0 scale mail
 c - a +0 shield (worn)
 w - a +2 robe of magic resistance (worn)
 I - a +0 cloak (worn)
Magical Staves
 J - an uncursed staff of earth
Jewellery
 j - a +2 ring of evasion (left hand)
 p - an amulet of regeneration (around neck)
 z - an uncursed ring of protection from fire
 B - a ring of positive energy (right hand)
Wands
 A - a wand of iceblast (9/15)
 L - a wand of lightning (4/15)
Scrolls
 e - 2 scrolls of identify
 i - 2 scrolls of enchant armour
 m - 4 scrolls of remove curse
 o - 4 scrolls of magic mapping
 s - 4 scrolls of recharging
 v - a scroll of random uselessness {unknown}
 y - 3 scrolls of amnesia {unknown}
 D - 4 scrolls of teleportation {unknown}
 F - 3 scrolls of fog {unknown}
 G - 2 scrolls of summoning {unknown}
 M - a scroll of fear {unknown}
 N - 2 scrolls of blinking {unknown}
 O - a scroll of vulnerability {unknown}
 Q - 2 scrolls of torment {unknown}
 R - a scroll of brand weapon {unknown}
Potions
 d - 2 potions of berserk rage
 g - 7 potions of curing
 k - 3 potions of magic
 q - a potion of lignification
 t - 3 potions of haste
 x - 6 potions of might
 C - a potion of flight {unknown}
 E - a potion of mutation {unknown}
 K - 2 potions of brilliance {unknown}
 P - a potion of cancellation {unknown}
Books
 r - a book of Geomancy

   Spells                             Type                      Level
   a - Sandblast                      Earth                        1
   b - Passwall                       Transmutation/Earth          2
   c - Stone Arrow                    Conjuration/Earth            3
   d - Petrify                        Transmutation/Earth          4
   e - Lee's Rapid Deconstruction     Earth                        5
Comestibles
 f - 4 bread rations
 h - 7 royal jellies
 l - 8 meat rations
 n - 11 fruits


   Skills:
 + Level 6.8 Fighting
 * Level 8.1 Long Blades
 + Level 6.0 Armour
 + Level 5.0 Dodging
 + Level 6.4 Shields


You had 9 spell levels left.
You didn't know any spells.

Dungeon Overview and Level Annotations

Branches:
Dungeon (9/15)             Temple (1/1) D:7            Lair (0/6) D:8
    Orc: D:9-12

Altars:
Ashenzari
Cheibriados
Dithmenos
Elyvilon
Fedhas
Gozag
Hepliaklqana
Kikubaaqudgha
Makhleb
Nemelex Xobeh
Okawaru
Qazlal
Ru
Sif Muna
Trog
Uskayaw
Vehumet
Wu Jian
Xom
Yredelemnul
Zin
The Shining One

Shops:
D:4 ?   D:6 =


Innate Abilities, Weirdness & Mutations

You have a pair of large horns on your head.
You sometimes gain a little power by taking damage.
You are immune to rotting.


Message History

The orc is severely wounded.
You block the orc's attack.
You barely miss the orc.
The orc is severely wounded.
You block the orc's attack.
You completely miss the orc.
The orc is severely wounded.
The orc closely misses you.
You slash the orc!
You kill the orc!
Okawaru accepts your kill.
You slash the orc priest!
You kill the orc priest!
Okawaru accepts your kill.
You hit the orc but do no damage.
The orc is poisoned.
You headbutt the orc!
You kill the orc!
Okawaru accepts your kill.
Items here: )) [[ † a scale mail; a dagger; a trident; a ring mail; an orc corpse Are you sure you want to abandon this character and quit the game? (Confirm with "yes".)

#....≈$8$≈... #
#...8..[.§... #
#....§≈§≈≈... #
#............#########
#...........##........
#.........# #########
#.)).o.# #'######
#@[)...### ######...#
#####.#########
#........##....
#........##....
#.....>..##....
#.[............
#........#.....
..........#.....


There were no monsters in sight!

Vanquished Creatures
  A two-headed ogre (D:9)
  A komodo dragon (D:8)
  An orc warrior (D:8)
  4 sky beasts
  2 ice beasts (D:8)
  4 ogres
  2 black bears
  A necrophage (D:8)
  2 centaurs
  A big kobold (D:7)
  3 bullfrogs
  2 scorpions
  5 killer bees (D:7)
  4 howler monkeys
  3 crimson imps
  A bullfrog zombie (D:6)
  A centaur zombie (D:5)
  3 hounds
  A jelly (D:5)
  Crazy Yiuf (D:7)
  3 orc priests
  7 orc wizards
  3 centaur skeletons
  Jessica (D:3)
  An iguana (D:6)
  5 worker ants
  A hound zombie (D:6)
  2 hound skeletons (D:4)
  13 gnolls
  11 adders
  5 river rats
  3 oozes
  An adder skeleton (D:5)
  4 worms
  4 dart slugs
  2 leopard geckos
  29 orcs
  7 giant cockroaches
  18 goblins
  10 hobgoblins
  11 jackals
  25 kobolds
  2 quokkas
  17 ball pythons
  6 bats
  4 frilled lizards
  A jackal skeleton (D:4)
  2 leopard gecko skeletons
  A leopard gecko zombie (D:9)
  A quokka skeleton (D:7)
  32 rats
  2 plants (D:2)
277 creatures vanquished.

Vanquished Creatures (others)
  A plant (D:8)
1 creature vanquished.

Grand Total: 278 creatures vanquished

Notes
Turn   | Place    | Note
-------+----------+-------------------------------------------
     0 | D:1      | Alarkh the Demonspawn Fighter began the quest for the Orb.
     0 | D:1      | Reached XP level 1. HP: 18/18 MP: 1/1
    42 | D:1      | Reached skill level 2 in Long Blades
   121 | D:1      | Gained mutation: You have a pair of small horns on your head. [demonic ancestry]
   121 | D:1      | Reached XP level 2. HP: 24/24 MP: 2/2
   549 | D:1      | Gained mutation: You sometimes gain a little power by taking damage. [demonic ancestry]
   549 | D:1      | Reached XP level 3. HP: 29/29 MP: 3/3
   938 | D:2      | Found a hazy altar of Hepliaklqana.
  1278 | D:2      | Reached skill level 1 in Dodging
  1278 | D:2      | Gained mutation: You have a pair of horns on your head. [demonic ancestry]
  1278 | D:2      | Reached XP level 4. HP: 26/35 MP: 4/4
  1545 | D:2      | Reached skill level 3 in Long Blades
  2588 | D:3      | Reached XP level 5. HP: 42/42 MP: 5/5
  2839 | D:3      | Noticed Jessica
  2843 | D:3      | Killed Jessica
  3142 | D:4      | Reached XP level 6. HP: 19/48 MP: 6/6
  3338 | D:4      | Found Girraf's Magic Scroll Shop.
  3345 | D:4      | Bought a scroll of enchant armour for 97 gold pieces
  3699 | D:4      | Found a shattered altar of Ashenzari.
  3714 | D:4      | Reached skill level 4 in Long Blades
  4559 | D:4      | Bought a scroll of remove curse for 39 gold pieces
  4567 | D:5      | Entered Level 5 of the Dungeon
  4582 | D:5      | Gained mutation: You have a pair of large horns on your head. [demonic ancestry]
  4582 | D:5      | Reached XP level 7. HP: 53/54 MP: 7/7
  4862 | D:5      | Found an iron altar of Okawaru.
  4914 | D:5      | Became a worshipper of Warmaster Okawaru
  5632 | D:5      | Reached skill level 5 in Long Blades
  5837 | D:6      | Reached * piety under Okawaru
  5837 | D:6      | Reached XP level 8. HP: 61/61 MP: 8/8
  5850 | D:6      | Reached skill level 5 in Fighting
  5904 | D:6      | Found a snail-covered altar of Cheibriados.
  6008 | D:6      | Found a shimmering altar of Xom.
  6062 | D:6      | Found Bauda's Jewellery Shop.
  6147 | D:6      | Reached skill level 6 in Long Blades
  6156 | D:6      | Reached skill level 5 in Shields
  6237 | D:6      | Found a glowing drain.
  6262 | Sewer    | Entered a sewer
  6531 | Sewer    | Reached ** piety under Okawaru
  6884 | D:7      | Found a hide-covered altar of Uskayaw.
  6884 | D:7      | Noticed a dagger
  6884 | D:7      | Noticed a hand axe
  6970 | D:7      | Reached skill level 5 in Armour
  6970 | D:7      | Reached XP level 9. HP: 39/69 MP: 9/9
  7083 | D:7      | Found an opulent altar of Gozag.
  7247 | D:7      | Found a staircase to the Ecumenical Temple.
  7322 | Temple   | Entered the Ecumenical Temple
  7562 | D:7      | Found a runed door.
  7745 | D:7      | Reached skill level 7 in Long Blades
  7964 | D:7      | Noticed Crazy Yiuf
  7970 | D:7      | Killed Crazy Yiuf
  8063 | D:8      | Found a staircase to the Lair.
  8064 | D:8      | Noticed a komodo dragon
  8079 | D:8      | Killed a komodo dragon
  8130 | D:8      | Reached *** piety under Okawaru
  9031 | D:9      | Noticed a two-headed ogre
  9036 | D:9      | Killed a two-headed ogre
  9036 | D:9      | Received a gift from Okawaru
  9036 | D:9      | Reached skill level 8 in Long Blades
  9036 | D:9      | Reached skill level 5 in Dodging
  9036 | D:9      | Gained mutation: You are immune to rotting. [demonic ancestry]
  9036 | D:9      | Reached XP level 10. HP: 77/77 MP: 7/10
  9138 | D:9      | Quit the game

Vault maps used:
D:1:      minmay_arrival_jagged
D:2:      lemuel_doored_altar, serial_bayou_lake_a
D:3:      first_bread, uniq_jessica
D:4:      kennysheep_big_flooded_room, evilmike_ruin_ashenzari, serial_shops,
          shop
D:5:      corexii_shantytown, kennysheep_flooded_box
D:6:      kennysheep_slug_shrine, xom_butterflies, serial_shops, shop_fountains,
          portal_sewer_entry_e
D:7:      nicolae_gozag_seed_capital, dancing_weapons_uskayaw,
          minmay_temple_entry_statues_pillars, uniq_crazy_yiuf_cottage
D:8:      david_lair_shrubbed
D:9:      kennysheep_potato
Temple:   eino_temple_rhombus
Sewer:    sewer_minmay_w

Skill      XL: |  1  2  3  4  5  6  7  8  9 |
---------------+----------------------------+-----
Long Blades    | 2 3 4 5 6 8 |  8.1
Armour         | 3 4 5 6 |  6.0
Dodging        | 1 2 3 4 5 |  5.0
Shields        | 3 4 5 6 |  6.4
Fighting       | 4 5 6 |  6.8

Action                   |  1- 3 |  4- 6 |  7- 9 | 10-12 || total
-------------------------+-------+-------+-------+-------++-------
Melee: Long sword        |   134 |   270 |   383 |    30 ||   817
       Headbutt          |    14 |    46 |    90 |     9 ||   159
Invok: Heroism           |       |       |     7 |       ||     7
  Use: Potion            |     1 |     3 |     2 |       ||     6
       Scroll            |     1 |     8 |     3 |       ||    12
 Stab: Sleeping          |       |       |     2 |       ||     2
       Distracted        |       |       |     1 |       ||     1
  Eat: Chunk             |     1 |    12 |    14 |       ||    27
Armor: Scale mail        |    69 |    31 |       |       ||   100
       Robe              |       |     9 |    79 |     6 ||    94
       Skin              |       |       |    14 |       ||    14
Dodge: Dodged            |    66 |    90 |   283 |    23 ||   462
Block: Shield            |    78 |    98 |   224 |    13 ||   413
       Rpst.: Long sword |    16 |    28 |    76 |     1 ||   121
